 Dungeon Crawl Stone Soup version 0.22-a0-525-gf69a080 (webtiles) character file.

24 galech the Skirmisher (level 3, 0/60 HPs)
             Began as an Ogre Berserker on June 20, 2018.
             Was a Follower of Trog.
             Succumbed to a kobold's poison
             ... on level 2 of the Dungeon.
             The game lasted 00:01:19 (879 turns).

galech the Skirmisher (Ogre Berserker)               Turns: 879, Time: 00:01:19

Health: 0/60       AC:  3    Str: 27    XL:     3   Next: 2%
Magic:  3/3        EV:  7    Int:  8    God:    Trog [*.....]
Gold:   38         SH:  7    Dex:  8    Spells: 2/2 levels left

rFire    . . .     SeeInvis .   a - +0 mace
rCold    . . .     Gourm    .   f - +0 shield
rNeg     . . .     Faith    .   b - +0 animal skin
rPois    .         Spirit   .   (helmet restricted)
rElec    .         Reflect  .   (no cloak)
rCorr    .         Harm     .   (gloves unavailable)
MR       .....                  (boots unavailable)
Stlth    ..........             (no amulet)
HPRegen  0.20/turn              (no ring)
MPRegen  0.08/turn              (no ring)

@: berserking (expiring), lethally poisoned (0 -> -21), very quick
A: large, unfitting armour, tough skin 1
a: Berserk, Renounce Religion


You were on level 2 of the Dungeon.
You worshipped Trog.
Trog was aware of your devotion.
You were very hungry.

You visited 1 branch of the dungeon, and saw 2 of its levels.

You collected 38 gold pieces.

Inventory:

Hand Weapons
 a - a +0 mace (weapon)
Armour
 b - a +0 animal skin (worn)
 f - a +0 shield (worn)
Scrolls
 g - 3 scrolls of identify {unknown}
 i - a scroll of teleportation {unknown}
Potions
 e - 2 potions of heal wounds {unknown}
 h - a potion of berserk rage {unknown}
 j - a potion of lignification {unknown}
Comestibles
 c - 4 rations
 d - 4 chunks of flesh


   Skills:
 + Level 4.6 Fighting
 + Level 2.9 Maces & Flails
 + Level 3.1 Dodging
 + Level 0.1 Stealth


You had 2 spell levels left.
You didn't know any spells.
Your spell library was empty.

Dungeon Overview and Level Annotations

Branches:
Dungeon (2/15)

Altars:


Innate Abilities, Weirdness & Mutations

You are too large for most types of armour.
You have tough skin. (AC +1)


Message History

You are more poisoned.
Your shield prevents you from hitting the kobold.
The kobold is severely wounded.
* * * LOW HITPOINT WARNING * * *
You feel sick.
The kobold hits you with a whip of venom.
* * * LOW HITPOINT WARNING * * *
You are more poisoned.
You hit the kobold.
You kill the kobold!
Trog accepts your kill.
You have reached level 3!
Your experience leads to an increase in your attributes!
Your base attributes are Str 20, Int 8, Dex 8.
Increase (S)trength, (I)ntelligence, or (D)exterity?
You feel stronger. x2
* * * LOW HITPOINT WARNING * * *
You feel sick.
Your shield prevents you from hitting the adder.
You die...

####### ##
#.......### ...
#.........# ....
#.........# .....
#........!###......
#.........(@S......
#.........###......
#................##
#.......########.#
#.......#### #
####.#.....#
#>......+ ###.....#
#.....#


You could see an adder.

Vanquished Creatures
  A leopard gecko (D:1)
  A giant cockroach (D:1)
  5 goblins (D:1)
  4 hobgoblins (D:1)
  A ball python (D:1)
  2 bats
  A frilled lizard (D:1)
  4 kobolds
  2 rats (D:1)
21 creatures vanquished.

Vanquished Creatures (others)
  A dart slug (D:1)
  A leopard gecko (D:1)
2 creatures vanquished.

Grand Total: 23 creatures vanquished

Notes
Turn   | Place    | Note
-------+----------+-------------------------------------------
     0 | D:1      | galech the Ogre Berserker began the quest for the Orb.
     0 | D:1      | Reached XP level 1. HP: 24/24 MP: 1/1
   150 | D:1      | Reached XP level 2. HP: 25/33 MP: 2/2
   877 | D:2      | HP: 2/49 [kobold/whip of venom (2)]
   878 | D:2      | Reached XP level 3. HP: 3/40 MP: 3/3
   879 | D:2      | Succumbed to a kobold's poison

Vault maps used:
D:1:      nzn_arrival_water_spiral, lemuel_flame_loot_1

Skill      XL: |  1  2 |
---------------+-------+-----
Dodging        | 3 |  3.1
Fighting       | |  4.6
Maces & Flails | |  2.9
Stealth        | |  0.1

Action                   || total
-------------------------++-------
Melee: Mace              ||    65
Invok: Berserk           ||     1
 Stab: Sleeping          ||     1
Armor: Animal skin       ||    15
Dodge: Dodged            ||    20
Block: Shield            ||    19

Table legend:
 A = Spawn XP
 B = Non-spawn XP
 C = Spawn XP percentage of total XP
 D = Spawn monster count
 E = Non-spawn monster count
 F = Spawn count percentage of total count
 G = Total turns spent on level
                    A         B        C        D         E        F      G
               +---------+---------+-------+---------+---------+-------+---------
         Total |       0 |      35 |   0.0 |       0 |      21 |   0.0 |   879
               +---------+---------+-------+---------+---------+-------+---------
           D:1 |       0 |      32 |   0.0 |       0 |      19 |   0.0 |   780
           D:2 |       0 |       3 |   0.0 |       0 |       2 |   0.0 |    99
               +---------+---------+-------+---------+---------+-------+---------
